 Dungeon Crawl Stone Soup version 0.29-a0-330-g52719c12eb (webtiles) character file.

Game seed: 6868561785125682708

339 HoaS the Quickloader (level 6, -14/35 HPs)
             Began as a Kobold Hunter on May 18, 2022.
             Killed by divine providence
             ... invoked by an orc priest
              (16 damage)
             ... on level 4 of the Dungeon.
             The game lasted 00:08:19 (3137 turns).

HoaS the Quickloader (Kobold Hunter)                Turns: 3137, Time: 00:08:20

Health: -14/35     AC: 15    Str:  9    XL:     6   Next: 86%
Magic:  6/6        EV: 13    Int: 10    God:
Gold:   91         SH:  0    Dex: 20    Spells: 5/5 levels left

rFire   . . .      SeeInvis +   a - +1 hand crossbow
rCold   . . .      Faith    .   (no shield)
rNeg    . . .      Spirit   .   j - +0 ring mail
rPois   .          Reflect  .   (no helmet)
rElec   .          Harm     .   o - +2 cloak
rCorr   .          Rampage  .   (no gloves)
Will    .....                   b - +2 pair of boots
Stlth   +++.......              (no amulet)
HPRegen 0.11/turn               i - +4 ring of protection
MPRegen 0.10/turn               l - ring of see invisible

@: mighty
A: small, no large weapons, nightstalker 3
a: no special abilities


You were on level 4 of the Dungeon.
You visited 1 branch of the dungeon, and saw 4 of its levels.

You collected 91 gold pieces.

Inventory:

Hand Weapons
 a - a +1 hand crossbow (weapon)
Missiles
 f - a throwing net
Armour
 b - a +2 pair of boots (worn)
 j - a +0 ring mail (worn)
 o - a +2 cloak (worn)
Jewellery
 i - a +4 ring of protection (left hand)
 l - a ring of see invisible (right hand)
 s - a +6 ring of intelligence
Wands
 e - a wand of paralysis (8)
 p - a wand of flame (12)
Scrolls
 c - 3 scrolls of immolation
 d - a scroll of vulnerability
 h - 2 scrolls of noise
 q - a scroll of identify
Potions
 k - 2 potions of attraction
 m - a potion of degeneration {unknown}
 n - a potion of curing {unknown}


   Skills:
 * Level 2.2 Fighting
 - Level 10.0 Crossbows
 + Level 0.1 Armour
 + Level 2.4 Dodging
 + Level 1.5 Stealth


You had 5 spell levels left.
You didn't know any spells.
Your spell library contained the following spells:

 Spells                   Type           Power      Damage    Failure   Level
 Tukima's Dance           Hex            0%         N/A       97%         3
 Passage of Golubria      Tloc           0%         N/A       100%        4
 Yara's Violent Unravell  Hex/Tmut       0%         3d3       100%        5


Dungeon Overview and Level Annotations

Branches:
Dungeon (4/15)
 Temple: D:4-7

Altars:
Hepliaklqana


Innate Abilities, Weirdness & Mutations

You are small and have problems with some larger weapons.
You are completely attuned to the shadows.


Message History

Shoot: a) +1 hand crossbow
Press: ? - help, Q - select action, (/) - cycle Shift-Dir - straight line, f/p - orc priest
Aim: an orc priest, wielding a +0 hand axe and wearing a +0 leather armour (70% to hit)
You shoot a bolt.
The bolt hits the orc priest but does no damage.
Shoot: a) +1 hand crossbow
Press: ? - help, Q - select action, (/) - cycle Shift-Dir - straight line, f/p - orc priest
Aim: an orc priest, wielding a +0 hand axe and wearing a +0 leather armour (70% to hit)
You shoot a bolt. The bolt hits the goblin!
You kill the goblin!
Shoot: a) +1 hand crossbow
Press: ? - help, Q - select action, (/) - cycle Shift-Dir - straight line, f/p - orc priest
Aim: an orc priest, wielding a +0 hand axe and wearing a +0 leather armour (70% to hit)
You shoot a bolt. The bolt closely misses the orc priest.
The orc priest hits you but does no damage.
The orc priest casts a cantrip, but nothing happens.
You shoot a bolt. The bolt hits the orc priest.
The orc priest is lightly wounded.
The orc priest invokes the aid of Beogh against you.
Beogh smites you!
You hear a shout!
You are too injured to fight recklessly!
Shoot: a) +1 hand crossbow
Press: ? - help, Q - select action, (/) - cycle Shift-Dir - straight line, f/p - orc priest
Aim: an orc priest, wielding a +0 hand axe and wearing a +0 leather armour (lightly wounded, 70% to hit)
You shoot a bolt. The bolt hits the orc priest!
The orc priest is almost dead.
An orc comes into view. It is wielding a +0 mace.
The orc priest calls down the wrath of Beogh upon you.
Pain shoots through your body!
* * * LOW HITPOINT WARNING * * *
You feel very mighty all of a sudden. The orc priest barely misses you.
Shoot: a) +1 hand crossbow
Press: ? - help, Q - select action, (/) - cycle Shift-Dir - straight line, f/p - orc priest
Aim: an orc priest, wielding a +0 hand axe and wearing a +0 leather armour (severely wounded, 70% to hit)
You shoot a bolt. The bolt closely misses the orc priest.
The orc priest mumbles some strange prayers to Beogh against you.
Beogh smites you!
You die...

. ..
###...
#@o...
#.#o..
#.# ..
#.# .
##.#
#..#
#.## #
#.# .o.
###
##.####
... #.#


You could see an orc priest and an orc.

Vanquished Creatures
  A necrophage (D:4)
  An orc priest (D:4)
  A jelly (D:4)
  Jessica (D:3)
  Ijyb (D:4)
  3 gnolls (D:4)
  5 adders
  2 worms
  4 dart slugs
  5 orcs (D:4)
  6 ball pythons
  5 bats
  8 endoplasms
  4 giant cockroaches
  3 goblins
  8 hobgoblins
  5 jackals
  4 kobolds
  3 quokkas
  4 frilled lizards
  5 rats
79 creatures vanquished.

Notes
Turn   | Place    | Note
-------+----------+-------------------------------------------
     0 | D:1      | HoaS the Kobold Hunter began the quest for the Orb.
     0 | D:1      | Reached XP level 1. HP: 12/12 MP: 1/1
   113 | D:1      | Reached XP level 2. HP: 17/17 MP: 2/2
   153 | D:1      | Reached skill level 6 in Crossbows
   344 | D:1      | Found a faded altar of an unknown god.
   475 | D:1      | Reached XP level 3. HP: 21/21 MP: 3/3
  1200 | D:2      | You fall into a shaft and drop 2 floors!
  1205 | D:4      | Noticed Ijyb
  1207 | D:4      | Paralysed by Ijyb for 3 turns
  1221 | D:4      | Killed Ijyb
  1222 | D:4      | Reached skill level 7 in Crossbows
  1222 | D:4      | Reached XP level 4. HP: 24/26 MP: 4/4
  1310 | D:4      | Found a hazy altar of Hepliaklqana.
  1321 | D:4      | Reached XP level 5. HP: 20/30 MP: 5/5
  1426 | D:3      | Reached skill level 8 in Crossbows
  2338 | D:3      | Noticed Jessica
  2340 | D:3      | Killed Jessica
  2710 | D:3      | Reached skill level 9 in Crossbows
  2710 | D:3      | Reached XP level 6. HP: 35/35 MP: 6/6
  2989 | D:4      | Reached skill level 10 in Crossbows
  3137 | D:4      | Killed from afar by an orc priest

Illustrated notes

Levels and vault maps discovered:
D:1:      amcnicky_arrival_underground_garden, layout_loops_corners,
          ebering_ecumenical_altar_mist
D:2:      minmay_angry_zag, layout_basic, minmay_pentomino_pile
D:3:      layout_basic, minmay_misc_feat_four_crosses, uniq_jessica
D:4:      layout_basic, mainiacjoe_overflow_small_starburst,
          chequers_serial_rivers_small_3, st_stairs_9, kennysheep_potato,
          uniq_sigmund, uniq_edmund, uniq_ijyb

Skill      XL: |  1  2  3  4  5  6 |
---------------+-------------------+-----
Crossbows      | 6 7 9 10 | 10.0
Fighting       | |  2.2
Armour         | |  0.1
Dodging        | |  2.4
Stealth        | |  1.5

Action                   |  1- 3 |  4- 6 || total
-------------------------+-------+-------++-------
 Fire: Hand crossbow     |    71 |   139 ||   210
  Use: Scroll            |     3 |     7 ||    10
       Potion            |     1 |     1 ||     2
Armor: Leather armour    |     4 |       ||     4
       Ring mail         |       |    28 ||    28
Dodge: Dodged            |    15 |    25 ||    40

Table legend: (Time is in decaauts)
 A = Elapsed time spent in this place.
 B = Non-inter-level travel time spent in this place.
 C = Inter-level travel time spent in this place.
 D = Time resting spent in this place.
 E = Time spent auto-exploring this place.
 F = Levels seen in this place.
 G = Mean time per level.
                   A        B        C        D        E       F      G
               +--------+--------+--------+--------+--------+-----+--------+
         Total |   3166 |   3054 |    112 |    209 |   2380 |   4 |  791.5 |
       Dungeon |   3166 |   3054 |    112 |    209 |   2380 |   4 |  791.5 |
               +--------+--------+--------+--------+--------+-----+--------+

Top non-repeatable levels by time:
     D:1: 1128 daAuts
     D:2: 902 daAuts
     D:3: 644 daAuts
     D:4: 491 daAuts
